General information
- name: BNet
- type: Ladder team game (AT/RT)
- host: Battle.net
- saver: SITG
map: Mur'gulOasis
- players: 8
- length: 11:29
- speed: Fast
- version: 1.28 W3XP
- replay type: Public
» download(94 KB)
Players
team 1 (loser)

»
BLINKANDURDEAD (
green | 91 APM | 1035 actions | 11:20)
3 Demon Hunter
1 Mana Burn
2 Evasion
» actions
| Assign group hotkey | 31 | |
| Basic commands | 27 | |
| Build / train | 46 | |
| ESC pressed | 2 | |
| Enter build submenu | 17 | |
| Enter hero's abilities submenu | 3 | |
| Right click | 528 | |
| Select / deselect | 177 | |
| Select group hotkey | 150 | |
| Use ability | 54 | |
1035 total
» units
| Wisp | 17 | |
| Archer | 8 | |
| Huntress | 10 | |
| Glaive Thrower | 1 | |
36 total
» buildings
| Moon Well | 7 | |
| Altar of Elders | 2 | |
| Ancient of War | 4 | |
| Ancient of Wonders | 1 | |
| Hunter's Hall | 3 | |
| Tree of Ages | 5 | |
22 total
» build order
00:10 Moon Well
00:19 Altar of Elders
01:01 Ancient of War
01:57 Moon Well
02:07 Ancient of Wonders
02:30 Ancient of War
02:54 Altar of Elders
02:55 Moon Well
03:20 Hunter's Hall
04:10 Hunter's Hall
04:50 Moon Well
04:52 Moon Well
04:56 Hunter's Hall
05:05 Ancient of War
05:09 Ancient of War
05:45 Moon Well
06:25 Moon Well
09:31 Tree of Ages
09:51 Tree of Ages
09:51 Tree of Ages

»
faast (
purple | 43 APM | 494 actions | 11:25)
2 Archmage
1 Summon Water Elemental
1 Blizzard
1 Priestess of the Moon
1 Searing Arrows
» actions
| Basic commands | 3 | |
| Build / train | 41 | |
| Enter build submenu | 17 | |
| Enter hero's abilities submenu | 3 | |
| Right click | 161 | |
| Select / deselect | 232 | |
| Use ability | 36 | |
494 total
» units
| Peasant | 8 | |
| Footman | 9 | |
| Rifleman | 5 | |
| Huntress | 3 | |
25 total
» upgrades
| Swords | 1 | |
| Strength of the Moon | 1 | |
| Plating | 1 | |
| Gunpowder | 1 | |
| Masonry | 2 | |
| Moon Armor | 1 | |
| Lumber Harvesting | 1 | |
8 total
» buildings
| Altar of Kings | 2 | |
| Farm | 5 | |
| Barracks | 1 | |
| Scout Tower | 3 | |
| Arcane Tower | 2 | |
| Blacksmith | 1 | |
| Lumber Mill | 1 | |
| Keep | 1 | |
| Moon Well | 3 | |
| Guard Tower | 1 | |
| Workshop | 1 | |
21 total
» build order
00:08 Altar of Kings
00:15 Farm
00:24 Barracks
00:58 Farm
01:38 Scout Tower
03:40 Arcane Tower
03:43 Farm
03:56 Blacksmith
04:32 Farm
05:12 Scout Tower
05:17 Lumber Mill
05:31 Keep
05:38 Moon Well
05:43 Arcane Tower
05:45 Farm
06:25 Moon Well
08:50 Altar of Kings
09:02 Scout Tower
10:03 Moon Well
10:12 Guard Tower
10:35 Workshop
Night-Elf (
yellow | 104 APM | 1197 actions | 11:27)
2 Mountain King
1 Storm Bolt
1 Bash
2 Priestess of the Moon
1 Scout
1 Searing Arrows
» actions
| Assign group hotkey | 20 | |
| Build / train | 57 | |
| ESC pressed | 2 | |
| Enter build submenu | 14 | |
| Enter hero's abilities submenu | 4 | |
| Right click | 634 | |
| Select / deselect | 132 | |
| Select group hotkey | 239 | |
| Use ability | 95 | |
1197 total
» units
» upgrades
» buildings
| Altar of Kings | 1 | |
| Farm | 6 | |
| Barracks | 1 | |
| Blacksmith | 1 | |
| Arcane Vault | 1 | |
| Scout Tower | 1 | |
| Lumber Mill | 1 | |
| Guard Tower | 2 | |
| Keep | 3 | |
17 total
» build order
00:09 Altar of Kings
00:13 Farm
00:37 Barracks
01:07 Blacksmith
01:36 Arcane Vault
01:41 Farm
02:23 Farm
04:59 Scout Tower
05:18 Lumber Mill
06:06 Farm
06:27 Guard Tower
06:27 Guard Tower
06:30 Farm
07:44 Farm
07:55 Keep
07:55 Keep
07:55 Keep
» items
| Lesser Clarity Potion | 8 | |
| Scroll of Regeneration | 8 | |
| Potion of Mana | 1 | |
| Potion of Healing | 1 | |
18 total
team 2 (winner)
Consciousness (
blue | 84 APM | 962 actions | 11:28)
4 Mountain King
2 Storm Bolt
2 Bash
» actions
| Assign group hotkey | 46 | |
| Basic commands | 98 | |
| Build / train | 35 | |
| Enter build submenu | 13 | |
| Enter hero's abilities submenu | 4 | |
| Right click | 417 | |
| Select / deselect | 177 | |
| Select group hotkey | 142 | |
| Use ability | 30 | |
962 total
» units
| Peasant | 7 | |
| Footman | 9 | |
| Rifleman | 6 | |
22 total
» upgrades
| Defend | 2 | |
| Long Rifles | 1 | |
| Gunpowder | 1 | |
4 total
» buildings
| Altar of Kings | 1 | |
| Farm | 8 | |
| Barracks | 2 | |
| Arcane Vault | 1 | |
| Keep | 1 | |
| Blacksmith | 1 | |
14 total
» build order
00:08 Altar of Kings
00:11 Farm
00:24 Barracks
00:39 Farm
01:36 Farm
02:25 Barracks
02:28 Farm
04:57 Arcane Vault
05:02 Keep
05:06 Farm
05:07 Farm
05:41 Blacksmith
06:10 Farm
08:58 Farm
» items
| Scroll of Regeneration | 1 | |
| Lesser Clarity Potion | 1 | |
| Scroll of Town Portal | 1 | |
3 total
Kael (
orange | 76 APM | 873 actions | 11:28)
3 Mountain King
2 Storm Bolt
1 Bash
1 Blood Mage
1 Siphon Mana
» actions
| Assign group hotkey | 23 | |
| Basic commands | 45 | |
| Build / train | 49 | |
| Enter build submenu | 18 | |
| Enter hero's abilities submenu | 4 | |
| Give item / drop item | 1 | |
| Right click | 478 | |
| Select / deselect | 199 | |
| Select group hotkey | 6 | |
| Use ability | 50 | |
873 total
» units
| Peasant | 13 | |
| Footman | 6 | |
| Spell Breaker | 2 | |
| Sorceress | 3 | |
| Priest | 1 | |
25 total
» upgrades
| Defend | 1 | |
| Plating | 1 | |
| Lumber Harvesting | 1 | |
3 total
» buildings
| Farm | 8 | |
| Altar of Kings | 1 | |
| Barracks | 1 | |
| Scout Tower | 1 | |
| Arcane Tower | 2 | |
| Lumber Mill | 1 | |
| Keep | 2 | |
| Arcane Vault | 1 | |
| Blacksmith | 2 | |
| Arcane Sanctum | 2 | |
| Castle | 2 | |
23 total
» build order
00:10 Farm
00:12 Altar of Kings
00:22 Farm
00:27 Barracks
01:40 Farm
01:47 Scout Tower
01:56 Farm
02:51 Arcane Tower
03:48 Lumber Mill
04:08 Keep
04:18 Arcane Vault
04:50 Farm
05:28 Blacksmith
05:31 Blacksmith
06:39 Arcane Sanctum
06:41 Arcane Sanctum
07:01 Castle
09:40 Farm
09:43 Farm
10:40 Farm
» items
| Scroll of Regeneration | 1 | |
| Lesser Clarity Potion | 1 | |
2 total
FamousNoob (
pink | 55 APM | 629 actions | 11:28)
5 Archmage
2 Summon Water Elemental
3 Brilliance Aura
» actions
| Basic commands | 56 | |
| Build / train | 64 | |
| Enter build submenu | 15 | |
| Enter hero's abilities submenu | 5 | |
| Right click | 182 | |
| Select / deselect | 218 | |
| Use ability | 89 | |
629 total
» units
| Peasant | 11 | |
| Footman | 26 | |
| Priest | 1 | |
38 total
» upgrades
» buildings
| Altar of Kings | 1 | |
| Barracks | 2 | |
| Farm | 7 | |
| Lumber Mill | 1 | |
| Arcane Vault | 1 | |
| Keep | 3 | |
| Arcane Sanctum | 1 | |
| Castle | 1 | |
| Blacksmith | 1 | |
18 total
» build order
00:15 Altar of Kings
00:18 Barracks
00:36 Farm
01:08 Lumber Mill
01:15 Farm
01:49 Farm
02:30 Arcane Vault
03:01 Keep
03:01 Keep
03:45 Barracks
03:51 Farm
04:30 Farm
04:49 Farm
05:31 Farm
06:13 Arcane Sanctum
07:13 Castle
11:04 Blacksmith
» items
| Scroll of Regeneration | 1 | |
| Potion of Healing | 2 | |
3 total
SITG (
red | 65 APM | 744 actions | 11:29)
4 Dark Ranger
2 Black Arrow
2 Silence
» actions
| Assign group hotkey | 24 | |
| Basic commands | 11 | |
| Build / train | 44 | |
| Enter build submenu | 21 | |
| Enter hero's abilities submenu | 4 | |
| Give item / drop item | 2 | |
| Remove unit from queue | 4 | |
| Right click | 407 | |
| Select / deselect | 151 | |
| Select group hotkey | 34 | |
| Use ability | 42 | |
744 total
» units
» upgrades
| Lumber Harvesting | 1 | |
| Masonry | 1 | |
| Swords | 1 | |
| Armor | 1 | |
4 total
» buildings
| Lumber Mill | 1 | |
| Farm | 8 | |
| Scout Tower | 5 | |
| Altar of Kings | 1 | |
| Arcane Tower | 1 | |
| Keep | 1 | |
| Arcane Vault | 1 | |
| Castle | 1 | |
| Gryphon Aviary | 3 | |
| Blacksmith | 2 | |
24 total
» build order
00:47 Lumber Mill
01:31 Farm
01:47 Scout Tower
02:01 Scout Tower
02:04 Scout Tower
02:05 Scout Tower
02:39 Altar of Kings
02:57 Scout Tower
03:26 Arcane Tower
03:27 Keep
04:56 Farm
04:56 Farm
06:20 Arcane Vault
07:06 Castle
08:03 Gryphon Aviary
08:04 Gryphon Aviary
08:09 Blacksmith
08:12 Blacksmith
09:35 Farm
09:35 Farm
09:35 Farm
09:41 Farm
09:42 Farm
» items
| Scroll of Town Portal | 2 | |
| Potion of Healing | 1 | |
| Scroll of Regeneration | 1 | |
| Staff of Teleportation | 1 | |
| Boots of Speed | 1 | |
6 total
Chat log
(00:16 / Allies) Kael: rush?
(00:19 / Allies) Consciousness: yeh
(00:29 / Allies) Kael: splt
(01:55 / Allies) SITG: creeps are so gay on this map
(02:10 / All) SITG: lawl
(02:11 / All) SITG: mher
(02:19 / All) SITG: look ath this mher
(02:29 / All) SITG: he had his foot out scouting
(02:46 / All) faast: no, you just suck big time
(02:51 / All) SITG: lol yeah okay hacker
(02:54 / All) SITG: paid 50 bux for the hack
(02:57 / All) faast: ill tell you in a minute
(04:19 / All) SITG: LIKE AN ARROW IN THE DARK
(09:54 / Allies) SITG: got wrong upgrade instead of skellies level 2 silence whoops lwal